Workbook
Name BANK_DE_DONNÉS_Copie: BanqueDeDonnees!$A$1:$P$2472
Name c_ensembliers: #REF!
Name c_intit: BanqueDeDonnees!$A:$A
Name c_prod: #REF!
Name c_ref: BanqueDeDonnees!$B:$B
Name d_ensembliers: #REF!
Name d_intit: BanqueDeDonnees!$A$2
Name d_prod: #REF!
Name d_ref: BanqueDeDonnees!$B$3
Name l_ensembliers: OFFSET(d_ensembliers,0,0,COUNTA(c_ensembliers)-1,1)
Name l_intit: OFFSET(d_intit,0,0,COUNTA(c_intit)-1,1)
Name l_prod: OFFSET(d_prod,0,0,COUNTA(c_prod)-1,1)
Name l_ref: OFFSET(d_ref,0,0,COUNTA(c_ref)-1,1)

Sheet Devis-Facture
A7: D É C O R :
A9: R è f | B9: D é s i g n a t i o n | C9: Q t é | D9: P x . U | E9: P x . T
A11: =IF(ISNA(VLOOKUP(B11,BanqueDeDonnees!$A$1:'BanqueDeDonnees'!$B$9999,2,FALSE)),"",VLOOKUP(B11,BanqueDeDonnees!$A$1:'BanqueDeDonnees'!$B$9999,2,FALSE)) -> LAM 197 | B11: Abat-jour suspendu de billard tissu plissé vert | C11: 1 | D11: =IF(ISNA(VLOOKUP(B11,BanqueDeDonnees!$A$1:'BanqueDeDonnees'!$G$9999,7,FALSE)),"",VLOOKUP(B11,BanqueDeDonnees!$A$1:'BanqueDeDonnees'!$G$9999,7,FALSE)) -> 30 | E11: =IF(D11="","",D11*C11) -> 30 | H11: =CHOOSE(COUNTIF(BanqueDeDonnees!$A$2,"*ure*")*1+COUNTIF(BanqueDeDonnees!$A$2,"*ea*")*2+COUNTIF(BanqueDeDonnees!$A$2,"*au*")*3+1,"","l_intit","l_intit","l_intit") | I11: =COUNTIF(BanqueDeDonnees!$A$2,"*ure*") -> 0
A12: =IF(ISNA(VLOOKUP(B12,BanqueDeDonnees!$A$1:'BanqueDeDonnees'!$B$9999,2,FALSE)),"",VLOOKUP(B12,BanqueDeDonnees!$A$1:'BanqueDeDonnees'!$B$9999,2,FALSE)) -> AGR 011 | B12: Agrafeuse de bureau métal | C12: 1 | D12: =IF(ISNA(VLOOKUP(B12,BanqueDeDonnees!$A$1:'BanqueDeDonnees'!$G$9999,7,FALSE)),"",VLOOKUP(B12,BanqueDeDonnees!$A$1:'BanqueDeDonnees'!$G$9999,7,FALSE)) -> 1.5 | E12: =IF(D12="","",D12*C12) -> 1.5
C13: 1
A14: =IF(ISNA(VLOOKUP(B14,BanqueDeDonnees!$A$1:'BanqueDeDonnees'!$B$9999,2,FALSE)),"",VLOOKUP(B14,BanqueDeDonnees!$A$1:'BanqueDeDonnees'!$B$9999,2,FALSE)) | C14: 1 | D14: =IF(ISNA(VLOOKUP(B14,BanqueDeDonnees!$A$1:'BanqueDeDonnees'!$G$9999,7,FALSE)),"",VLOOKUP(B14,BanqueDeDonnees!$A$1:'BanqueDeDonnees'!$G$9999,7,FALSE)) | E14: =IF(D14="","",D14*C14)
A15: =IF(ISNA(VLOOKUP(B15,BanqueDeDonnees!$A$1:'BanqueDeDonnees'!$B$9999,2,FALSE)),"",VLOOKUP(B15,BanqueDeDonnees!$A$1:'BanqueDeDonnees'!$B$9999,2,FALSE)) | C15: 1 | D15: =IF(ISNA(VLOOKUP(B15,BanqueDeDonnees!$A$1:'BanqueDeDonnees'!$G$9999,7,FALSE)),"",VLOOKUP(B15,BanqueDeDonnees!$A$1:'BanqueDeDonnees'!$G$9999,7,FALSE)) | E15: =IF(D15="","",D15*C15)
A16: =IF(ISNA(VLOOKUP(B16,BanqueDeDonnees!$A$1:'BanqueDeDonnees'!$B$9999,2,FALSE)),"",VLOOKUP(B16,BanqueDeDonnees!$A$1:'BanqueDeDonnees'!$B$9999,2,FALSE)) | C16: 1 | D16: =IF(ISNA(VLOOKUP(B16,BanqueDeDonnees!$A$1:'BanqueDeDonnees'!$G$9999,7,FALSE)),"",VLOOKUP(B16,BanqueDeDonnees!$A$1:'BanqueDeDonnees'!$G$9999,7,FALSE)) | E16: =IF(D16="","",D16*C16)
A17: =IF(ISNA(VLOOKUP(B17,BanqueDeDonnees!$A$1:'BanqueDeDonnees'!$B$9999,2,FALSE)),"",VLOOKUP(B17,BanqueDeDonnees!$A$1:'BanqueDeDonnees'!$B$9999,2,FALSE)) | C17: 1 | D17: =IF(ISNA(VLOOKUP(B17,BanqueDeDonnees!$A$1:'BanqueDeDonnees'!$G$9999,7,FALSE)),"",VLOOKUP(B17,BanqueDeDonnees!$A$1:'BanqueDeDonnees'!$G$9999,7,FALSE)) | E17: =IF(D17="","",D17*C17)
A18: =IF(ISNA(VLOOKUP(B18,BanqueDeDonnees!$A$1:'BanqueDeDonnees'!$B$9999,2,FALSE)),"",VLOOKUP(B18,BanqueDeDonnees!$A$1:'BanqueDeDonnees'!$B$9999,2,FALSE)) | C18: 1 | D18: =IF(ISNA(VLOOKUP(B18,BanqueDeDonnees!$A$1:'BanqueDeDonnees'!$G$9999,7,FALSE)),"",VLOOKUP(B18,BanqueDeDonnees!$A$1:'BanqueDeDonnees'!$G$9999,7,FALSE)) | E18: =IF(D18="","",D18*C18)
A19: =IF(ISNA(VLOOKUP(B19,BanqueDeDonnees!$A$1:'BanqueDeDonnees'!$B$9999,2,FALSE)),"",VLOOKUP(B19,BanqueDeDonnees!$A$1:'BanqueDeDonnees'!$B$9999,2,FALSE)) | C19: 1 | D19: =IF(ISNA(VLOOKUP(B19,BanqueDeDonnees!$A$1:'BanqueDeDonnees'!$G$9999,7,FALSE)),"",VLOOKUP(B19,BanqueDeDonnees!$A$1:'BanqueDeDonnees'!$G$9999,7,FALSE)) | E19: =IF(D19="","",D19*C19)
A20: =IF(ISNA(VLOOKUP(B20,BanqueDeDonnees!$A$1:'BanqueDeDonnees'!$B$9999,2,FALSE)),"",VLOOKUP(B20,BanqueDeDonnees!$A$1:'BanqueDeDonnees'!$B$9999,2,FALSE)) | C20: 1 | D20: =IF(ISNA(VLOOKUP(B20,BanqueDeDonnees!$A$1:'BanqueDeDonnees'!$G$9999,7,FALSE)),"",VLOOKUP(B20,BanqueDeDonnees!$A$1:'BanqueDeDonnees'!$G$9999,7,FALSE)) | E20: =IF(D20="","",D20*C20)
A21: =IF(ISNA(VLOOKUP(B21,BanqueDeDonnees!$A$1:'BanqueDeDonnees'!$B$9999,2,FALSE)),"",VLOOKUP(B21,BanqueDeDonnees!$A$1:'BanqueDeDonnees'!$B$9999,2,FALSE)) | C21: 1 | D21: =IF(ISNA(VLOOKUP(B21,BanqueDeDonnees!$A$1:'BanqueDeDonnees'!$G$9999,7,FALSE)),"",VLOOKUP(B21,BanqueDeDonnees!$A$1:'BanqueDeDonnees'!$G$9999,7,FALSE)) | E21: =IF(D21="","",D21*C21)
A22: =IF(ISNA(VLOOKUP(B22,BanqueDeDonnees!$A$1:'BanqueDeDonnees'!$B$9999,2,FALSE)),"",VLOOKUP(B22,BanqueDeDonnees!$A$1:'BanqueDeDonnees'!$B$9999,2,FALSE)) | C22: 1 | D22: =IF(ISNA(VLOOKUP(B22,BanqueDeDonnees!$A$1:'BanqueDeDonnees'!$G$9999,7,FALSE)),"",VLOOKUP(B22,BanqueDeDonnees!$A$1:'BanqueDeDonnees'!$G$9999,7,FALSE)) | E22: =IF(D22="","",D22*C22)
A23: =IF(ISNA(VLOOKUP(B23,BanqueDeDonnees!$A$1:'BanqueDeDonnees'!$B$9999,2,FALSE)),"",VLOOKUP(B23,BanqueDeDonnees!$A$1:'BanqueDeDonnees'!$B$9999,2,FALSE)) | C23: 1 | D23: =IF(ISNA(VLOOKUP(B23,BanqueDeDonnees!$A$1:'BanqueDeDonnees'!$G$9999,7,FALSE)),"",VLOOKUP(B23,BanqueDeDonnees!$A$1:'BanqueDeDonnees'!$G$9999,7,FALSE)) | E23: =IF(D23="","",D23*C23)
A24: =IF(ISNA(VLOOKUP(B24,BanqueDeDonnees!$A$1:'BanqueDeDonnees'!$B$9999,2,FALSE)),"",VLOOKUP(B24,BanqueDeDonnees!$A$1:'BanqueDeDonnees'!$B$9999,2,FALSE)) | C24: 1 | D24: =IF(ISNA(VLOOKUP(B24,BanqueDeDonnees!$A$1:'BanqueDeDonnees'!$G$9999,7,FALSE)),"",VLOOKUP(B24,BanqueDeDonnees!$A$1:'BanqueDeDonnees'!$G$9999,7,FALSE)) | E24: =IF(D24="","",D24*C24)
A25: =IF(ISNA(VLOOKUP(B25,BanqueDeDonnees!$A$1:'BanqueDeDonnees'!$B$9999,2,FALSE)),"",VLOOKUP(B25,BanqueDeDonnees!$A$1:'BanqueDeDonnees'!$B$9999,2,FALSE)) | C25: 1 | D25: =IF(ISNA(VLOOKUP(B25,BanqueDeDonnees!$A$1:'BanqueDeDonnees'!$G$9999,7,FALSE)),"",VLOOKUP(B25,BanqueDeDonnees!$A$1:'BanqueDeDonnees'!$G$9999,7,FALSE)) | E25: =IF(D25="","",D25*C25)
... A35: =IF(ISNA(VLOOKUP(B35,BanqueDeDonnees!$A$1:'BanqueDeDonnees'!$B$9999,2,FALSE)),"",VLOOKUP(B35,BanqueDeDonnees!$A$1:'BanqueDeDonnees'!$B$9999,2,FALSE)) | C35: 1 | D35: =IF(ISNA(VLOOKUP(B35,BanqueDeDonnees!$A$1:'BanqueDeDonnees'!$G$9999,7,FALSE)),"",VLOOKUP(B35,BanqueDeDonnees!$A$1:'BanqueDeDonnees'!$G$9999,7,FALSE)) | E35: =IF(D35="","",D35*C35)
A37: D É C O R :
A39: Enlèvement: 2011
A40: Retour: 2011
A41: D É C O R :
A43: R è f | B43: D é s i g n a t i o n | C43: Q t é | D43: P x . U | E43: P x . T
A45: =IF(ISNA(VLOOKUP(B45,BanqueDeDonnees!$A$1:'BanqueDeDonnees'!$B$9999,2,FALSE)),"",VLOOKUP(B45,BanqueDeDonnees!$A$1:'BanqueDeDonnees'!$B$9999,2,FALSE)) | C45: 1 | D45: =IF(ISNA(VLOOKUP(B45,BanqueDeDonnees!$A$1:'BanqueDeDonnees'!$G$9999,7,FALSE)),"",VLOOKUP(B45,BanqueDeDonnees!$A$1:'BanqueDeDonnees'!$G$9999,7,FALSE)) | E45: =IF(D45="","",D45*C45)
A46: =IF(ISNA(VLOOKUP(B46,BanqueDeDonnees!$A$1:'BanqueDeDonnees'!$B$9999,2,FALSE)),"",VLOOKUP(B46,BanqueDeDonnees!$A$1:'BanqueDeDonnees'!$B$9999,2,FALSE)) | C46: 1 | D46: =IF(ISNA(VLOOKUP(B46,BanqueDeDonnees!$A$1:'BanqueDeDonnees'!$G$9999,7,FALSE)),"",VLOOKUP(B46,BanqueDeDonnees!$A$1:'BanqueDeDonnees'!$G$9999,7,FALSE)) | E46: =IF(D46="","",D46*C46)
A47: =IF(ISNA(VLOOKUP(B47,BanqueDeDonnees!$A$1:'BanqueDeDonnees'!$B$9999,2,FALSE)),"",VLOOKUP(B47,BanqueDeDonnees!$A$1:'BanqueDeDonnees'!$B$9999,2,FALSE)) | C47: 1 | D47: =IF(ISNA(VLOOKUP(B47,BanqueDeDonnees!$A$1:'BanqueDeDonnees'!$G$9999,7,FALSE)),"",VLOOKUP(B47,BanqueDeDonnees!$A$1:'BanqueDeDonnees'!$G$9999,7,FALSE)) | E47: =IF(D47="","",D47*C47)
A48: =IF(ISNA(VLOOKUP(B48,BanqueDeDonnees!$A$1:'BanqueDeDonnees'!$B$9999,2,FALSE)),"",VLOOKUP(B48,BanqueDeDonnees!$A$1:'BanqueDeDonnees'!$B$9999,2,FALSE)) | C48: 1 | D48: =IF(ISNA(VLOOKUP(B48,BanqueDeDonnees!$A$1:'BanqueDeDonnees'!$G$9999,7,FALSE)),"",VLOOKUP(B48,BanqueDeDonnees!$A$1:'BanqueDeDonnees'!$G$9999,7,FALSE)) | E48: =IF(D48="","",D48*C48)
A49: =IF(ISNA(VLOOKUP(B49,BanqueDeDonnees!$A$1:'BanqueDeDonnees'!$B$9999,2,FALSE)),"",VLOOKUP(B49,BanqueDeDonnees!$A$1:'BanqueDeDonnees'!$B$9999,2,FALSE)) | C49: 1 | D49: =IF(ISNA(VLOOKUP(B49,BanqueDeDonnees!$A$1:'BanqueDeDonnees'!$G$9999,7,FALSE)),"",VLOOKUP(B49,BanqueDeDonnees!$A$1:'BanqueDeDonnees'!$G$9999,7,FALSE)) | E49: =IF(D49="","",D49*C49)
A50: =IF(ISNA(VLOOKUP(B50,BanqueDeDonnees!$A$1:'BanqueDeDonnees'!$B$9999,2,FALSE)),"",VLOOKUP(B50,BanqueDeDonnees!$A$1:'BanqueDeDonnees'!$B$9999,2,FALSE)) | C50: 1 | D50: =IF(ISNA(VLOOKUP(B50,BanqueDeDonnees!$A$1:'BanqueDeDonnees'!$G$9999,7,FALSE)),"",VLOOKUP(B50,BanqueDeDonnees!$A$1:'BanqueDeDonnees'!$G$9999,7,FALSE))
A51: =IF(ISNA(VLOOKUP(B51,BanqueDeDonnees!$A$1:'BanqueDeDonnees'!$B$9999,2,FALSE)),"",VLOOKUP(B51,BanqueDeDonnees!$A$1:'BanqueDeDonnees'!$B$9999,2,FALSE)) | C51: 1 | D51: =IF(ISNA(VLOOKUP(B51,BanqueDeDonnees!$A$1:'BanqueDeDonnees'!$G$9999,7,FALSE)),"",VLOOKUP(B51,BanqueDeDonnees!$A$1:'BanqueDeDonnees'!$G$9999,7,FALSE)) | E51: =IF(D51="","",D51*C51)
A52: =IF(ISNA(VLOOKUP(B52,BanqueDeDonnees!$A$1:'BanqueDeDonnees'!$B$9999,2,FALSE)),"",VLOOKUP(B52,BanqueDeDonnees!$A$1:'BanqueDeDonnees'!$B$9999,2,FALSE)) | C52: 1 | D52: =IF(ISNA(VLOOKUP(B52,BanqueDeDonnees!$A$1:'BanqueDeDonnees'!$G$9999,7,FALSE)),"",VLOOKUP(B52,BanqueDeDonnees!$A$1:'BanqueDeDonnees'!$G$9999,7,FALSE)) | E52: =IF(D52="","",D52*C52)
A53: =IF(ISNA(VLOOKUP(B53,BanqueDeDonnees!$A$1:'BanqueDeDonnees'!$B$9999,2,FALSE)),"",VLOOKUP(B53,BanqueDeDonnees!$A$1:'BanqueDeDonnees'!$B$9999,2,FALSE)) | C53: 1 | D53: =IF(ISNA(VLOOKUP(B53,BanqueDeDonnees!$A$1:'BanqueDeDonnees'!$G$9999,7,FALSE)),"",VLOOKUP(B53,BanqueDeDonnees!$A$1:'BanqueDeDonnees'!$G$9999,7,FALSE)) | E53: =IF(D53="","",D53*C53)
A54: =IF(ISNA(VLOOKUP(B54,BanqueDeDonnees!$A$1:'BanqueDeDonnees'!$B$9999,2,FALSE)),"",VLOOKUP(B54,BanqueDeDonnees!$A$1:'BanqueDeDonnees'!$B$9999,2,FALSE)) | C54: 1 | D54: =IF(ISNA(VLOOKUP(B54,BanqueDeDonnees!$A$1:'BanqueDeDonnees'!$G$9999,7,FALSE)),"",VLOOKUP(B54,BanqueDeDonnees!$A$1:'BanqueDeDonnees'!$G$9999,7,FALSE)) | E54: =IF(D54="","",D54*C54)
A55: =IF(ISNA(VLOOKUP(B55,BanqueDeDonnees!$A$1:'BanqueDeDonnees'!$B$9999,2,FALSE)),"",VLOOKUP(B55,BanqueDeDonnees!$A$1:'BanqueDeDonnees'!$B$9999,2,FALSE)) | C55: 1 | D55: =IF(ISNA(VLOOKUP(B55,BanqueDeDonnees!$A$1:'BanqueDeDonnees'!$G$9999,7,FALSE)),"",VLOOKUP(B55,BanqueDeDonnees!$A$1:'BanqueDeDonnees'!$G$9999,7,FALSE)) | E55: =IF(D55="","",D55*C55)
A56: =IF(ISNA(VLOOKUP(B56,BanqueDeDonnees!$A$1:'BanqueDeDonnees'!$B$9999,2,FALSE)),"",VLOOKUP(B56,BanqueDeDonnees!$A$1:'BanqueDeDonnees'!$B$9999,2,FALSE)) | C56: 1 | D56: =IF(ISNA(VLOOKUP(B56,BanqueDeDonnees!$A$1:'BanqueDeDonnees'!$G$9999,7,FALSE)),"",VLOOKUP(B56,BanqueDeDonnees!$A$1:'BanqueDeDonnees'!$G$9999,7,FALSE)) | E56: =IF(D56="","",D56*C56)
A57: =IF(ISNA(VLOOKUP(B57,BanqueDeDonnees!$A$1:'BanqueDeDonnees'!$B$9999,2,FALSE)),"",VLOOKUP(B57,BanqueDeDonnees!$A$1:'BanqueDeDonnees'!$B$9999,2,FALSE)) | C57: 1 | D57: =IF(ISNA(VLOOKUP(B57,BanqueDeDonnees!$A$1:'BanqueDeDonnees'!$G$9999,7,FALSE)),"",VLOOKUP(B57,BanqueDeDonnees!$A$1:'BanqueDeDonnees'!$G$9999,7,FALSE)) | E57: =IF(D57="","",D57*C57)
A58: =IF(ISNA(VLOOKUP(B58,BanqueDeDonnees!$A$1:'BanqueDeDonnees'!$B$9999,2,FALSE)),"",VLOOKUP(B58,BanqueDeDonnees!$A$1:'BanqueDeDonnees'!$B$9999,2,FALSE)) | C58: 1 | D58: =IF(ISNA(VLOOKUP(B58,BanqueDeDonnees!$A$1:'BanqueDeDonnees'!$G$9999,7,FALSE)),"",VLOOKUP(B58,BanqueDeDonnees!$A$1:'BanqueDeDonnees'!$G$9999,7,FALSE)) | E58: =IF(D58="","",D58*C58)
A59: =IF(ISNA(VLOOKUP(B59,BanqueDeDonnees!$A$1:'BanqueDeDonnees'!$B$9999,2,FALSE)),"",VLOOKUP(B59,BanqueDeDonnees!$A$1:'BanqueDeDonnees'!$B$9999,2,FALSE)) | C59: 1 | D59: =IF(ISNA(VLOOKUP(B59,BanqueDeDonnees!$A$1:'BanqueDeDonnees'!$G$9999,7,FALSE)),"",VLOOKUP(B59,BanqueDeDonnees!$A$1:'BanqueDeDonnees'!$G$9999,7,FALSE)) | E59: =IF(D59="","",D59*C59)
A60: =IF(ISNA(VLOOKUP(B60,BanqueDeDonnees!$A$1:'BanqueDeDonnees'!$B$9999,2,FALSE)),"",VLOOKUP(B60,BanqueDeDonnees!$A$1:'BanqueDeDonnees'!$B$9999,2,FALSE)) | C60: 1 | D60: =IF(ISNA(VLOOKUP(B60,BanqueDeDonnees!$A$1:'BanqueDeDonnees'!$G$9999,7,FALSE)),"",VLOOKUP(B60,BanqueDeDonnees!$A$1:'BanqueDeDonnees'!$G$9999,7,FALSE)) | E60: =IF(D60="","",D60*C60)
A61: =IF(ISNA(VLOOKUP(B61,BanqueDeDonnees!$A$1:'BanqueDeDonnees'!$B$9999,2,FALSE)),"",VLOOKUP(B61,BanqueDeDonnees!$A$1:'BanqueDeDonnees'!$B$9999,2,FALSE)) | C61: 1 | D61: =IF(ISNA(VLOOKUP(B61,BanqueDeDonnees!$A$1:'BanqueDeDonnees'!$G$9999,7,FALSE)),"",VLOOKUP(B61,BanqueDeDonnees!$A$1:'BanqueDeDonnees'!$G$9999,7,FALSE)) | E61: =IF(D61="","",D61*C61)
A62: =IF(ISNA(VLOOKUP(B62,BanqueDeDonnees!$A$1:'BanqueDeDonnees'!$B$9999,2,FALSE)),"",VLOOKUP(B62,BanqueDeDonnees!$A$1:'BanqueDeDonnees'!$B$9999,2,FALSE)) | C62: 1 | D62: =IF(ISNA(VLOOKUP(B62,BanqueDeDonnees!$A$1:'BanqueDeDonnees'!$G$9999,7,FALSE)),"",VLOOKUP(B62,BanqueDeDonnees!$A$1:'BanqueDeDonnees'!$G$9999,7,FALSE)) | E62: =IF(D62="","",D62*C62)
... A68: =IF(ISNA(VLOOKUP(B68,BanqueDeDonnees!$A$1:'BanqueDeDonnees'!$B$9999,2,FALSE)),"",VLOOKUP(B68,BanqueDeDonnees!$A$1:'BanqueDeDonnees'!$B$9999,2,FALSE)) | C68: 1 | D68: =IF(ISNA(VLOOKUP(B68,BanqueDeDonnees!$A$1:'BanqueDeDonnees'!$G$9999,7,FALSE)),"",VLOOKUP(B68,BanqueDeDonnees!$A$1:'BanqueDeDonnees'!$G$9999,7,FALSE)) | E68: =IF(D68="","",D68*C68)
D69: Total H.T pour 1 quinzaine | E69: =SUM(E11:E68) -> 31.5
B70: T.V.A 19,6% | E70: =E69*19.6% -> 6.174
B72: T O T A L T. T. C | E72: =E69+E70 -> 37.674
A73: C A U T I O N D E M A N D É E 2 0 0 0 E U R O S

Sheet BanqueDeDonnees
A1: Intitulé | B1: Rèf | C1: Désignation | D1: Description | E1: Qté | F1: Époque | G1: Px loc U. | H1: Style | I1: Auteur | J1: Marque | K1: Couleur | L1: Format | M1: État | N1: Origine | O1: Px vlr U. | P1: Date achat
A2: Abat-jour suspendu de billard tissu plissé vert | B2: LAM 197 | C2: LAMPE SUSPENSION BILLARD | D2: AJ TISSU PLISSÉ | E2: 1 | G2: 30 | K2: VERT | M2: BON | N2: EM | O2: 300 | P2: 2007
A3: Agenda de poche cuir noir | B3: AGE 012 | C3: AGENDA RÉPERTOIRE DE POCHE | D3: CUIR | E3: 1 | F3: 1962 | G3: 4 | H3: BUREAU ADMINISTRATIF | K3: NOIR | M3: MYN | N3: EM | O3: 40 | P3: 2005
A4: Agrafeuse de bureau inox | B4: AGR 010 | C4: AGRAFEUSE DE BUREAU | D4: INOX | E4: 2 | F4: 1940 | G4: 1.5 | H4: BUREAU ADMINISTRATIF | K4: ARGENT CHROME | M4: BON | N4: EM | O4: 15 | P4: 2005
A5: Agrafeuse de bureau métal | B5: AGR 011 | C5: AGRAFEUSE DE BUREAU | D5: INOX | E5: 1 | F5: 1940 | G5: 1.5 | H5: BUREAU ADMINISTRATIF | K5: ARGENT CHROME | M5: BON | N5: EM | O5: 15 | P5: 2005
A6: Applique 1930 métal chromé | B6: LAM 113 | C6: LAMPE APPLIQUE | D6: METAL | E6: 1 | F6: 1930 | G6: 13 | H6: BUREAU ADMINISTRATIF ATELIER 30 | K6: ARGENT CHROME | M6: MYN | N6: 5 | O6: 1300 | P6: 2007
A7: Applique 1970 métal chromé | B7: LAM 156 | C7: LAMPE APPLIQUE | D7: MÉTAL | E7: 2 | F7: 1960 | G7: 16 | H7: 70 | K7: ARGENT CHROMÉ | M7: MYN | N7: EM | O7: 160 | P7: 2006
A8: Applique métal peint | B8: LAM 139 | C8: LAMPE APPLIQUE | D8: METAL PEINT | E8: 1 | F8: 1960 | G8: 4 | K8: MARRON CHROME | M8: MYN | N8: EM | O8: 40 | P8: 2007
A9: Armoire administrative bois chêne Ht. 2,25m | B9: ARM 008 | C9: ARMOIRE | D9: BOIS | E9: 3 | F9: 1920 | G9: 85 | H9: BUREAU ADMINISTRATIF | K9: MARRON CHÊNE MOYEN | L9: 1300MM x 500MM x 2250MM | M9: MYN | N9: EM | O9: 850 | P9: 2005
A10: Armoire administrative bois côtés formica noir | B10: ARM 022 | C10: ARMOIRE | D10: BOIS FORMICA | E10: 1 | F10: 1960 | G10: 83 | H10: BUREAU ADMINISTRATIF | K10: MARRON NOIR | M10: MYN | N10: 80 | O10: 830 | P10: 2005
A11: Armoire administrative métal vert double porte | B11: ARM 027 | C11: ARMOIRE | D11: MÉTAL 2 PORTES | E11: 1 | F11: 1960 | G11: 46 | H11: BUREAU ADMINISTRATIF | K11: VERT | M11: MYN | N11: EM | O11: 460 | P11: 2007
A12: Armoire bois clair miroir oval | B12: ARM 021 | C12: ARMOIRE | D12: BOIS 1 PORTE MIROIR OVALE | E12: 1 | F12: 1920 | G12: 65 | K12: MARRON | M12: MYN | N12: EM | O12: 650 | P12: 2006
A13: Armoire bois peint blanc 1 | B13: ARM 002 | C13: ARMOIRE | D13: BOIS PEINT | E13: 1 | F13: 1900 | G13: 35 | H13: MÉDICAL ATELIER | K13: BLANC | L13: MM x MM x MM | M13: MYN | N13: EM | O13: 350 | P13: 2010
A14: Armoire bois peint blanc 2 | B14: ARM 005 | C14: ARMOIRE | D14: BOIS PEINT | E14: 1 | F14: 1930 | G14: 28 | H14: MÉDICAL | K14: BLANC | L14: MM x MM x MM | M14: MYN | N14: EM | O14: 280 | P14: 2010
A15: Armoire chêne vernis | B15: ARM 025 | C15: ARMOIRE | D15: BOIS VERNIS | E15: 1 | F15: 1880 | G15: 75 | H15: BUREAU ADMINISTRATIF XIX | K15: MARRON/CHENE | M15: MYN | N15: 400 | O15: 750 | P15: 2006
A16: Armoire de toilette métal peint | B16: ARM 003 | C16: ARMOIRE TOILETTE | D16: METAL PEINT VITREE | E16: 1 | F16: 1960 | G16: 7.5 | H16: SALLE DE BAINS | K16: BLANC BLEU | L16: 380MM x 590MM x 190MM | M16: MYN | N16: 15 | O16: 75 | P16: 2005
A17: Armoire de toilette plastique 3 portes miroir | B17: ARM 004 | C17: ARMOIRE TOILETTE | D17: PLASTIQUE MIROIR 3 PORTES | E17: 1 | F17: 1960 | G17: 7.5 | H17: SALLE DE BAINS | K17: VERT | L17: 715MM x 150MM x 545MM | M17: MYN | N17: EM | O17: 75 | P17: 2005
A18: Armoire de toilette vitrée bois peint | B18: ARM 019 | C18: ARMOIRE TOILETTE | D18: VITRÉE BOIS PEINT | E18: 1 | F18: 1940 | G18: 13 | H18: MÉDICAL | K18: BLANC | L18: 400MM x 230MM x 770MM | M18: MYN | N18: EM | O18: 130 | P18: 2005
A19: Armoire Louis XIII chêne pointe de diamant | B19: ARM 007 | C19: ARMOIRE | D19: BOIS POINTE DE DIAMANT | E19: 1 | F19: 1800 | G19: 125 | H19: LOUIS XIII XIX | K19: MARRON CHÊNE FONCÉ | M19: BON | N19: EM | O19: 1250 | P19: 2005
A20: Armoire médicale vitrée | B20: ARM 001 | C20: ARMOIRE | D20: MÉTAL PEINT VERRE | E20: 1 | F20: 1900 | G20: 75 | H20: MÉDICAL | K20: BLANC | L20: MM x MM x MM | M20: MYN | N20: EM | O20: 750 | P20: 2010
A21: Arrosoir plastique publicitaire Shell | B21: ARR 026 | C21: ARROSOIR | D21: PUBLICITAIRE | E21: 1 | F21: 1960 | G21: 5 | H21: GARAGE | K21: BLANC | M21: MYN | N21: EM | O21: 50 | P21: 2008
A22: Arrosoir plastique vert | B22: ARR 026/01 | C22: ARROSOIR | D22: PUBLICITAIRE | E22: 1 | F22: 1960 | G22: 2.5 | H22: GARAGE | K22: VERT | M22: MYN | N22: F | O22: 25 | P22: 2008
A23: Assiètte décorative porcelaine bordeaux | B23: ASS 030 | C23: ASSIETTE DÉCORATIVE | D23: PORCELAINE | E23: 1 | F23: XIX | G23: 4 | H23: XIX | K23: ROUGE BORDEAUX BLANC | L23: DIA MM | M23: BON | N23: EM | O23: 40 | P23: 2004
A24: Assiètte décorative verre gravé | B24: ASS 031 | C24: ASSIETTE DÉCORATIVE | D24: CRISTAL GRAVÉ | E24: 1 | F24: XIX | G24: 6 | H24: XIX | K24: TRANSPARENT DORÉ | L24: DIA 200 MM | M24: BON | N24: EM | O24: 60 | P24: 2004
A25: Attaché-case cuir noir intèrieur daim | B25: ATT 001 | C25: ATTACHÉ-CASE | D25: CUIR INT. DAIM | E25: 1 | F25: 1960 | G25: 9 | H25: BUREAU | K25: NOIR BEIGE | M25: BON | N25: EM | O25: 90 | P25: 2007
A26: Balance de cuisine métal vert | B26: BAL 151 | C26: BALANCE | D26: CUISINE | E26: 1 | F26: 1970 | G26: 4 | H26: CUISINE | J26: STUBE | K26: VERTE | M26: MYN | N26: JB | O26: 40 | P26: 2006
A27: Balance de magasin Lutrana | B27: BAL 136 | C27: BALANCE | E27: 1 | F27: 1950 | G27: 19 | H27: MAGASIN | J27: LUTRANA | M27: BON | N27: EM | O27: 190 | P27: 2006
A28: Balance de magasin Testut | B28: BAL 136/01 | C28: BALANCE | E28: 1 | F28: 1950 | G28: 19 | H28: MAGASIN | J28: TESTUT | M28: BON | N28: JB | O28: 190 | P28: 2006
A29: Balance pèse bébé | B29: BAL 262 | C29: BALANCE PESE BEBE | D29: MÉTAL | E29: 1 | F29: 1930 | G29: 10 | H29: MÉDICAL | J29: CORMIER | K29: BLANC | M29: BON | N29: 30 | O29: 100 | P29: 2009
A30: Balance pèse personne plastique gris | B30: BAL 194 | C30: BALANCE DE SALLE DE BAIN | D30: PESE PERSONNE | E30: 1 | F30: 1960 | G30: 2.5 | H30: SALLE DE BAINS | J30: TÉRAILLON | K30: GRIS | M30: MYN | N30: EM | O30: 25 | P30: 2006
A31: Balance pèse personne sur pied fonte blanche | B31: BAL 250 | C31: BALANCE | D31: MÉTAL | E31: 1 | F31: 1930 | G31: 30 | H31: MÉDICAL | K31: BLANC | M31: BON | N31: 40 | O31: 300 | P31: 2008
A32: Balance pèsz lettre métal | B32: BAL 193 | C32: BALANCE DE BUREAU | D32: PESE LETTRE MÉTAL | E32: 1 | F32: 1950 | G32: 2.5 | H32: BUREAU ADMINISTRATIF | K32: GRIS | M32: MYN | N32: EM | O32: 25 | P32: 2005
A33: balayette chiendent | B33: BAL 067 | C33: BALAYETTE | D33: BOIS CHIENDENT | E33: 1 | F33: 1900 | G33: 1 | H33: CUISINE ENTRETIEN | K33: BOIS | M33: MYN | N33: EM | O33: 10 | P33: 2005
A34: Banc de ferme bois brut | B34: BAN 120 | C34: BANC | D34: BOIS BRUT | E34: 1 | F34: 1880 | G34: 13 | H34: CUISINE XIX | K34: MARRON | M34: MYN | N34: EM | O34: 130 | P34: 2005
A35: Banc de jardin contemporain bois exotique | B35: BAN 122 | C35: BANC | D35: BOIS | E35: 1 | F35: 1990 | G35: 41 | H35: CONTEMPORAIN JARDIN | K35: MARRON BOIS EXOTIQUE | M35: MYN | N35: JB | O35: 410 | P35: 2005
A36: Banc faux béton | B36: BAN 260 | C36: BANQUETTE BETON | D36: BOIS PEINT | E36: 2 | F36: 1970 | G36: 14 | H36: PRISON | K36: GRIS | M36: MYN | N36: EM | O36: 140 | P36: 2006
A37: Banettes fil de fer doré | B37: COR 047 | C37: CORBEILLE À COURRIER | D37: BUREAU | E37: 2 | F37: 1900 | G37: 2.5 | H37: BUREAU ADMINISTRATIF | K37: DORÉ | L37: 280MM x 330MM x 70MM | M37: MYN | N37: EM | O37: 25 | P37: 2005
A38: Bannettes administratives plastique vert | B38: COR 229 | C38: CORBEILLE À COURRIER | D38: BUREAU PLASTIQUE | E38: 3 | F38: 1960 | G38: 2 | H38: BUREAU ADMINISTRATIF | K38: VERT | M38: BON | N38: EM | O38: 20 | P38: 2006
A39: Banquette bois | B39: BAN 121 | C39: BANQUETTE | D39: BOIS | E39: 1 | F39: 1900 | G39: 18 | H39: RUSTIQUE | K39: MARRON | M39: MYN | N39: EM | O39: 180 | P39: 2002
A40: Banquette bois vernis noir tissu velours fleurs orange | B40: BAN 106/03 | C40: CANAPÉ | D40: BOIS VERNIS TISSU | E40: 1 | F40: 1880 | G40: 145 | H40: NAPOLÉON III XIX | K40: NOIR ROUGE | L40: MM x MM x MM | M40: BON | N40: 120 | O40: 1450 | P40: 2010
A41: Banquette velours et tissu | B41: BAN 267 | C41: BANQUETTE | D41: VELOURS TISSU | E41: 1 | F41: 1960 | G41: 65 | K41: MARRON BEIGE VERT | M41: MYN | N41: EM | O41: 650 | P41: 2007
A42: Baromètre peau de lézard marron | B42: BAR 056 | C42: BAROMETRE | D42: PEAU DE LEZARD CUIR | E42: 1 | F42: 1950 | G42: 4 | H42: BUREAU ADMINISTRATIF | K42: MARRON | M42: MYN | N42: EM | O42: 10 | P42: 2005
A43: Baromètre publicitaire de bar “Pastis 51” alu brossé | B43: BAR 054 | C43: BAROMETRE DE BAR | D43: ALU BROSSÉ | E43: 1 | F43: 1950 | G43: 6 | H43: BAR CAFÉ | J43: PASTIS 51 | K43: CHROME | L43: HT 400MM | M43: BON | N43: EM | O43: 60 | P43: 2005
A44: Bassine médicale ronde tôle émaillée blanc liseré bleu | B44: BAS 070 | C44: BASSINE | D44: TÔLE ÉMAILLÉE | E44: 1 | F44: 1900 | G44: 3 | H44: MÉDICAL | K44: BLANC | L44: DIA 26 HT 10 | M44: MYN | N44: EM | O44: 30 | P44: 2005
A45: Bassine ronde tôle émaillée vert liseré vert | B45: BAS 069 | C45: BASSINE | D45: TÔLE ÉMAILLÉE | E45: 1 | F45: 1900 | G45: 3 | H45: CUISINE | K45: VERT | L45: DIA 320 MM HT 100 MM | M45: MYN | N45: EM | O45: 30 | P45: 2005
A46: Bassines médicales rectangulaires émaillées blancs liseré bleu | B46: BAS 102 | C46: BASSINE PLATEAU | D46: TÔLE ÉMAILLÉE | E46: 19 | F46: 1900 | G46: 2.5 | H46: MÉDICAL | K46: BLANC | M46: MYN | N46: EM | O46: 25 | P46: 2005
A47: Batterie de 5 casseroles cuivre | B47: CAS 151 | C47: CASSEROLES | D47: BATTERIE CUIVRE | E47: 5 | F47: 1850 | G47: 18 | H47: CUISINE | K47: CUIVRE | M47: MYN | N47: EM | O47: 180 | P47: 2000
A48: Bibliothèque bois 1930 3 éléments | B48: BIB 239 | C48: BIBLIOTHÈQUE | D48: BOIS 3 ÉLÉMENT | E48: 1 | F48: 1930 | G48: 75 | H48: BURAU 30 | K48: MARRON | M48: MYN | N48: JB | O48: 610 | P48: 2006
A49: Bibliothèque vitrée 2 portes bois noir vernis | B49: BIB 240 | C49: BIBLIOTHÈQUE | D49: VITRÉE 2 PORTES | E49: 1 | F49: 1860 | G49: 95 | H49: BUREAU N III XIX | K49: NOIR | L49: 1020MM x 360MM x 1950MM | M49: MYN | N49: 180 | O49: 760 | P49: 2006
A50: Bibliothèque vitrée bois vernis | B50: BIB 265 | C50: BIBLIOTHEQUE | D50: BOIS VERNIS VITRINE 4 PORTES | E50: 1 | F50: 1960 | G50: 50 | H50: BUREAU ADMINITRATION | K50: MARRON | M50: MYN | N50: EM | O50: 500 | P50: 2008
A51: Bocaux verre vert avec couvercle | B51: BOC 045 | C51: BOCAUX | D51: AVEC COUVERCLE GF | E51: 4 | F51: 1900 | G51: 1 | H51: CUISINE | J51: L’IDÉALE | K51: VERT TRANSPARENT | M51: MYN | N51: EM | O51: 10 | P51: 2004
A52: Boite 1 bois marocaine incrustation nacre | B52: BOI 142 | C52: BOITE | D52: BOIS ET MÉTAL MAROCAINE | E52: 1 | G52: 3.5 | H52: MAROCAIN | L52: 150MM x115MM x 30MM | M52: BON | N52: EM | O52: 35 | P52: 2005
A53: Boite 2 bois marocaine incrustation nacre | B53: BOI 146 | C53: BOITE | D53: BOIS ET NACRE | E53: 1 | G53: 3.5 | H53: MAROCAIN | K53: BEIGE | L53: 155MM x 105MM x 50MM | M53: MYN | N53: EM | O53: 35 | P53: 2005
A54: Boite à bijou laiton verre biseauté | B54: POR 205 | C54: BOITE PORTE MEDAILLE | D54: LAITON VERRE | E54: 1 | F54: FIN 19E | G54: 5 | H54: XIX | K54: DORÉ ROSE | L54: 70 MM x 60 MM x 90 MM | M54: BON | N54: EM | O54: 50 | P54: 2005
A55: Boite à bijoux métal argenté | B55: BOI 139 | C55: BOITE | D55: BIJOU MÉTAL ARGENTÉ | E55: 1 | G55: 1 | K55: ARGENT | M55: MYN | N55: EM | O55: 10 | P55: 2006
A56: Boite à bonbon rouge ronde Pierrot | B56: BOI 031 | C56: BOITE | D56: BONBON | E56: 1 | F56: 1930 | G56: 2.5 | H56: ENFANT | J56: PIERROT GOURMAND | K56: ROUGE | L56: RO DIA 12 | M56: MYN | N56: EM | O56: 25 | P56: 2005
A57: Boite à chapeau rond carton beige | B57: BOI 245/02 | C57: BOITE À CHAPEAU | D57: CARTON | E57: 1 | F57: 1960 | G57: 6 | K57: BEIGE | M57: BON | N57: EM | O57: 70 | P57: 2006
A58: Boite à chapeau rond carton gris | B58: BOI 245/01 | C58: BOITE À CHAPEAU | D58: CARTON | E58: 1 | F58: 1960 | G58: 6 | K58: GRIS | M58: BON | N58: EM | O58: 70 | P58: 2006
A59: Boite à cigares cuir marron doré motifs géométriques | B59: BOI 046 | C59: BOITE | D59: CIGARETTE CUIR | E59: 1 | F59: 1960 | G59: 3.5 | H59: 60 | K59: MARRON | L59: 190MM x 145MM x 40MM | M59: BON | N59: EM | O59: 35 | P59: 2010
A60: Boite à couture tissu fleurs vertes | B60: BOI 048 | C60: BOITE | D60: TISSU | E60: 1 | F60: 1940 | G60: 3.5 | H60: 40 | K60: VERT BLEU BLANC | L60: 280MM x 180MM x 75MM | M60: MYN | N60: EM | O60: 35 | P60: 2010
A61: Boite à fiche bois clair | B61: BOI 140 | C61: BOITE À FICHES | D61: ADMINISTRATIVE BOIS | E61: 1 | F61: 1950 | G61: 2 | H61: BUREAU ADMINISTRATIF | K61: MARRON | L61: 150MM x 220MM x 105MM | M61: MYN | N61: 0 | O61: 20 | P61: 2006
A62: Boite à fiches administrative tissu noir | B62: BOI 202 | C62: BOITE À FICHES | D62: TISSU | E62: 1 | F62: 1920 | G62: 6 | H62: BUREAU ADMINISTRATIF | K62: NOIR | M62: MYN | N62: EM | O62: 15 | P62: 2005
A63: Boite à fiches carré bois | B63: BOI 140/1 | C63: BOITE À FICHES | D63: ADMINISTRATIVE BOIS | E63: 1 | F63: 1950 | G63: 4 | H63: BUREAU ADMINISTRATIF | K63: MARRON | L63: 225MM x 210MM x 155MM | M63: MYN | N63: 2 | O63: 40 | P63: 2008
A64: Boite à fiches remplis métal kaki | B64: BOI 252 | C64: BOITE À FICHES | D64: ADMINISTRATIVE M2TAL | E64: 1 | F64: 1950 | G64: 7 | H64: BUREAU ADMINISTRATIF | K64: VERT | M64: MYN | N64: EM | O64: 70 | P64: 2005
A65: Boîte à pillules métal argenté | B65: BOI 143 | C65: BOITE | D65: À PILLULES MÉTAL ARGENTÉ | E65: 3 | G65: 1.5 | K65: ARGENT | M65: BON | N65: EM | O65: 15 | P65: 2006
A66: Boite à pillules métal motifs oiseaux PM | B66: BOI 181 | C66: BOITE | D66: PILLULE MOTIF OISEAU | E66: 1 | F66: 1940 | G66: 0.8
A67: Boite à thé bleu motifs papillons | B67: BOI 024 | C67: BOITE | D67: THÉ CHINOIS MOTIF PAPILLON | E67: 1 | F67: 1960 | G67: 1.8 | H67: CUISINE | K67: BLEU | L67: DIA 6 | M67: MYN | N67: EM | O67: 15 | P67: 2005
A68: Boite à thé chinoise XIXè noir et doré | B68: BOI 137 | C68: BOITE | D68: THÉ CHINOIS | E68: 1 | F68: 1880 | G68: 5.6 | H68: XIX | K68: NOIR ET DORÉ | M68: MYN | N68: EM | O68: 56 | P68: 2006
A69: Boite à thé japonaise cylindrique motifs bleus | B69: BOI 044/01 | C69: BOITE | E69: 1 | F69: 2000 | G69: 1 | H69: JAPONAIS CONTEMPORAIN | K69: BLEU | L69: HT 150MM DIA 75MM | M69: MYN | N69: JB | O69: 10 | P69: 2007
A70: Boite à thé japonaise cylindrique motifs verts | B70: BOI 044 | C70: BOITE | E70: 1 | F70: 2000 | G70: 1 | H70: JAPONAIS CONTEMPORAIN | K70: VERT | L70: HT 150MM DIA 75MM | M70: MYN | N70: JB | O70: 10 | P70: 2007
A71: Boite bois peint noir avec poignée laiton | B71: BOI 272 | C71: BOITE | D71: BOIS PEINT | E71: 1 | F71: 1900 | G71: 4.5 | K71: NOIR | L71: 250MM x 195MM x 135MM | M71: MYN | N71: 5 | O71: 35 | P71: 2009
A72: Boite carré tôle Chicorée bleu et beige | B72: BOI 011 | C72: BOITE | D72: CHICORÉE TÔLE | E72: 1 | F72: 1930 | G72: 1 | H72: CUISINE | K72: BLEU | L72: RE HT 12 | M72: MYN | N72: 3 | O72: 10 | P72: 2005
A73: Boite d’encre pour tampon “Jipa” | B73: TAM 280 | C73: TAMPON ENCREUR | E73: 1 | F73: 1930 | G73: 0.9 | H73: BUREAU ADMINISTRATIF | K73: VIOLET | M73: MYN | N73: EM | O73: 9 | P73: 2005
A74: Boite de scotch ronde motif écossais | B74: BOI 036 | C74: BOITE | D74: SCOTCH | E74: 2 | F74: 1960 | G74: 0.5 | H74: BUREAU ADMINISTRATIF | J74: SCOTCH | K74: ÉCOSSAIS | L74: DIA 6 | M74: BON | N74: 0.7 | O74: 5 | P74: 36891
A75: Boite décorative carré peinte laquée orange et noir | B75: BOI 159 | C75: BOITE DÉCORATIVE | D75: PEINTE LAQUÉE | E75: 1 | F75: 1930 | G75: 1.5 | H75: INDIENNE | K75: ORANGE | L75: 70 X 70 MM | M75: MYN | N75: 0.5 | O75: 10 | P75: 2006
A76: Boite décorative métal médaillon oval orange arbres | B76: BOI 149 | C76: BOITE | D76: MÉTALLIQUE ARBRE | E76: 1 | G76: 3 | H76: CUISINE | K76: VERT ORANGE | L76: RE | M76: MYN | O76: 30 | P76: 2005
A77: Boite décorative peinte laquée fleurs rouge | B77: BOI 144 | C77: BOITE DÉCORATIVE | D77: PEINTE LAQUÉE | E77: 1 | G77: 1 | H77: INDIEN | K77: NOIR | M77: BON | N77: EM | O77: 10 | P77: 2006
A78: Boite décorative peinte laquée noir et turquoise | B78: BOI 145 | C78: BOITE DÉCORATIVE | D78: PEINTE LAQUÉE | E78: 1 | G78: 1 | H78: INDIEN | K78: BLEUE | M78: BON | N78: EM | O78: 10 | P78: 2005
A79: Boite décorative ronde bordeaux paille | B79: BOI 141/3 | C79: BOITE DÉCORATIVE | D79: PAILLE MOTIF FLEUR | E79: 1 | G79: 1.6 | K79: ROUGE BORDEAUX | L79: DIA 60MM | M79: BON | N79: EM | O79: 16 | P79: 2006
A80: Boite décorative ronde marron paille | B80: BOI 141/1 | C80: BOITE DÉCORATIVE | D80: PAILLE MOTIF FLEUR | E80: 1 | G80: 1 | K80: ROUGE | L80: DIA 60MM | M80: BON | N80: EM | O80: 10 | P80: 2006
A81: Boite décorative ronde verte paille | B81: BOI 141/2 | C81: BOITE DÉCORATIVE | D81: PAILLE MOTIF FLEUR | E81: 1 | G81: 1.6 | K81: VERT | L81: D 60MM | M81: BON | N81: EM | O81: 16 | P81: 2006
A82: Boite décorative ronde verte paille | B82: BOI 141/4 | C82: BOITE DÉCORATIVE | D82: PAILLE MOTIF FLEUR | E82: 1 | G82: 1.6 | K82: ROUGE BORDEAUX | L82: D 60MM | M82: BON | N82: EM | O82: 16 | P82: 2006
A83: Boite jaune tampon encreur | B83: TAM 278 | C83: TAMPON ENCREUR | E83: 1 | F83: 1930 | G83: 1 | H83: BUREAU ADMINISTRATIF | K83: JAUNE | M83: MYN | N83: EM | O83: 10 | P83: 2005
A84: Boîte métal biscuit Pernot | B84: BOI 003 | C84: BOITE | D84: BISCUIT | E84: 1 | F84: 1930 | G84: 1.5 | H84: CUISINE | J84: PERNOT | L84: 250X250 | M84: MVS | N84: EM | O84: 15 | P84: 2005
A85: Boite métal chocolat Menier | B85: BOI 002 | C85: BOITE | D85: CHOCOLAT | E85: 1 | F85: 1930 | G85: 2.5 | H85: CUISINE | J85: MENIER | K85: MÉTAL ROUILLÉ | M85: MVS | N85: EM | O85: 25 | P85: 2005
A86: Boite métal noir fleurs à bonbon | B86: BOI 040 | C86: BOITE | D86: BONBON DESSIN FLEUR | E86: 1 | F86: 1940 | G86: 0.5 | H86: ENFANT | K86: NOIR | L86: DIA 100MM | M86: MYN | N86: EM | O86: 5 | P86: 2005
A87: Boite métallique noir personnages | B87: BOI 006 | C87: BOITE | D87: MOTIF PERSONNAGES | E87: 1 | F87: 1950 | G87: 1.5 | H87: CUISINE | L87: 200 X 200 | M87: MYN | N87: EM | O87: 15 | P87: 2005
A88: Boite métallique sérigraphiée motifs géométriques orange et noir | B88: BOI 019 | C88: BOITE | D88: SÉRIGRAPHIÉE | E88: 1 | F88: 1930 | G88: 3.8 | H88: CUISINE | K88: ORANGE | M88: MYN | N88: 8 | O88: 38 | P88: 2005
A89: Boite métallique sérigraphiée rouge papillon | B89: BOI 016 | C89: BOITE | D89: SÉRIGRAPHIÉE PAPILLONS ORIENTALE | E89: 1 | F89: 1930 | G89: 3.8 | H89: CUISINE | K89: ROUGE | L89: RE | M89: MYN | O89: 38 | P89: 2005
A90: Boite métallique sérigraphiée vert noir jaune | B90: BOI 018 | C90: BOITE | D90: SÉRIGRAPHIÉE DESSIN BICHE | E90: 1 | F90: 1930 | G90: 3.8 | H90: CUISINE | K90: VERT | L90: RE | M90: MYN | N90: 8 | O90: 38 | P90: 2005
A91: Boite porte croissants de bar plastique rouge | B91: BOI 130 | C91: BOITE | D91: CAFÉ DE CROISSANT | E91: 2 | F91: 1970 | G91: 4.5 | H91: BAR CAFÉ | K91: ROUGE, TRANSPARENT | M91: BON | N91: EM | O91: 45 | P91: 2006
A92: Boite tôle bleu Pates | B92: BOI 022 | C92: BOITE | D92: PÂTES TÔLE | E92: 1 | F92: 1940 | G92: 1 | H92: CUISINE | J92: LSK | K92: BLEU | L92: RE HT 15 | M92: MYN | N92: EM | O92: 10 | P92: 2005
A93: Boîte tôle peint paysage | B93: BOI 004 | C93: BOITE | D93: MOTIF PAYSAGE TÔLE | E93: 1 | F93: 1930 | G93: 2 | H93: CUISINE | L93: RE LA 40 | M93: MYN | N93: EM | O93: 20 | P93: 2005
A94: Boîte tôle peinte pates Verzola | B94: BOI 005 | C94: BOITE | D94: PÂTES TÔLE | E94: 1 | F94: 1930 | G94: 2 | H94: CUISINE | J94: VERZOLA | K94: BLEU | L94: 200MM x 200MM | M94: MVS | N94: EM | O94: 20 | P94: 2005
A95: Boites à fiches plastique crème GM | B95: BOI 251/01 | C95: BOITE À FICHES | D95: ADMINISTRATIVE PLASTIQUE | E95: 1 | F95: 1970 | G95: 3 | H95: BUREAU ADMINISTRATIF | K95: BLANC CASSE | M95: MYN | N95: EM | O95: 30 | P95: 2006
A96: Boites à fiches plastique crème PM | B96: BOI 251 | C96: BOITE À FICHES | D96: ADMINISTRATIVE PLASTIQUE | E96: 1 | F96: 1970 | G96: 2.5 | H96: BUREAU ADMINISTRATIF | K96: BLANC CASSE | M96: MYN | N96: EM | O96: 25 | P96: 2006
A97: Boites d’archive carton gris et cordon crème | B97: BOI 249 | C97: BOITE ARCHIVE | D97: CARTON | E97: 60 OU 6 ML | F97: 1930 | G97: 14 | H97: BUREAU ADMINISTRATIF | K97: NOIR | M97: MYN | N97: EM | O97: 140,00 ML | P97: 2006
A98: Boites d’archive carton moucheté vert et noir | B98: BOI 190 | C98: BOITE | D98: ARCHIVE DE BUREAU | E98: 32 | F98: 1920 | G98: 14 | H98: BUREAU ADMINISTRATIF | K98: VERT ET NOIR | M98: MYN | N98: 2.4 | O98: 140
A99: Borne kilométrique dépatemental blanche et jaune | B99: PAN 186 | C99: BORNE KILOMÉTRIQUE | D99: METAL | E99: 1 | F99: 1950 | G99: 34 | H99: 50 | K99: BLANC JAUNE | M99: MYN | N99: EM | O99: 340 | P99: 2006
A100: Bougeoir losange tôle émaillée bleu | B100: BOU 133/3 | C100: BOUGEOIR | D100: MÉTAL LOSANGE | E100: 1 | F100: 1920 | G100: 1 | K100: BLEU | M100: BON | N100: 2 | O100: 10
...

Sheet recherche multicritere
